 Dungeon Crawl Stone Soup version 0.20.0-1-g1cb1d84 (webtiles) character file.

9 straycat the Skirmisher (level 2, 0/23 HPs)
             Began as a Vampire Wanderer on May 26, 2017.
             Slain by a jackal (2 damage)
             ... on level 1 of the Dungeon.
             The game lasted 00:05:49 (808 turns).

straycat the Skirmisher (Vampire Wanderer)           Turns: 808, Time: 00:05:50

Health: 0/23       AC:  3    Str: 14    XL:     2   Next: 3%
Magic:  5/5        EV: 11    Int: 12    God:
Gold:   28         SH:  0    Dex: 12    Spells: 4/5 levels left

rFire    . . .     SeeInvis +   (no weapon)
rCold    . . .     Gourm    .   (no shield)
rNeg     + . .     Faith    .   d - +0 robe
rPois    .         Spirit   .   f - +0 helmet
rElec    .         Reflect  .   (no cloak)
rCorr    .         Harm     .   (no gloves)
MR       .....                  (no boots)
Stlth    ++........             (no amulet)
Regen    0.1/turn               (no ring)
MPRegen  0.1/turn               (no ring)

@: no status effects
A: fangs 3, see invisible, unbreathing
a: no special abilities


You were on level 1 of the Dungeon.
You were not thirsty.

You visited 1 branch of the dungeon, and saw 1 of its levels.

You collected 28 gold pieces.

Inventory:

Hand Weapons
 a - a +2 spear
 n - a +0 mace
Missiles
 g - 21 stones (quivered)
 h - 10 poisoned needles
 k - 22 arrows
Armour
 d - a +0 robe (worn)
 f - a +0 helmet (worn)
Jewellery
 j - an uncursed ring of wizardry {unknown}
Scrolls
 b - a scroll of teleportation
 i - a scroll of random uselessness {unknown}
 m - a scroll of amnesia {unknown}
Potions
 e - 2 potions of blood
 l - a potion of curing {unknown}
Books
 c - the Almanac of Evil

   Spells                             Type                      Level
   a - Animate Skeleton               Necromancy                   1
   b - Regeneration                   Charms/Necromancy            3


   Skills:
 * Level 2.6 Fighting
 + Level 0.1 Throwing
 + Level 0.0 Armour
 * Level 0.9 Dodging
 + Level 2.0 Stealth
 * Level 0.9 Unarmed Combat
 + Level 2.0 Spellcasting
 + Level 0.2 Necromancy
   Level 1.5 Translocations
   Level 1.0 Earth Magic
   Level 1.0 Evocations


You had 4 spell levels left.
You knew the following spells:

 Your Spells              Type           Power        Failure   Level  Hunger
a - Animate Skeleton      Necr           N/A          26%         1    ##.....


Dungeon Overview and Level Annotations

Branches:
Dungeon (1/15)

Altars:


Innate Abilities, Weirdness & Mutations

You have razor-sharp teeth.
You have supernaturally acute eyesight. (SInv)
You can survive without breathing.


Message History

The jackal closely misses you. The jackal bites you.
* * * LOW HITPOINT WARNING * * *
You barely miss the rat. You bite the rat, but do no damage.
The jackal bites you but does no damage.
The jackal completely misses you. The rat barely misses you.
The jackal misses you.
You closely miss the rat. Your bite misses the rat.
The jackal bites you but does no damage.
The jackal bites you.
* * * LOW HITPOINT WARNING * * *
The jackal barely misses you. The rat misses you.
The jackal closely misses you.
You barely miss the jackal. Your bite misses the jackal. The jackal misses you.
The jackal bites you but does no damage.
The jackal barely misses you. The jackal bites you.
* * * LOW HITPOINT WARNING * * *
The jackal misses you.
You closely miss the jackal. The jackal barely misses you. x3
The jackal bites you.
You die...

###......#####.#
...........# #.########
####.....#.###..........?.
.........#.##......#......
########....+......+ .....
#.#.##......# .....
#.#.##......#...... #.#
##....h.#...... #.#
#....@hr.......
#.#.#.....h†#......
#.#.#.......#......
#.#.#.......# .....
########.#.#.......# ###
#### .........#.#.......#
#... ########.#.#.......#
#### ..........#.......#
########..#.#######


You could see 3 jackals and a rat.

Vanquished Creatures
  A dart slug (D:1)
  A bat (D:1)
  A hobgoblin (D:1)
  A jackal (D:1)
  3 rats (D:1)
7 creatures vanquished.

Notes
Turn   | Place    | Note
-------+----------+-------------------------------------------
     0 | D:1      | straycat the Vampire Wanderer began the quest for the Orb.
     0 | D:1      | straycat set off with: a +2 spear, a scroll of teleportation, the Almanac of Evil, a +0 robe, a potion of blood
     0 | D:1      | Reached XP level 1. HP: 17/17 MP: 3/3
     3 | D:1      | Identified the Almanac of Evil
     5 | D:1      | Learned a level 1 spell: Animate Skeleton
   799 | D:1      | Reached XP level 2. HP: 13/23 MP: 5/5
   808 | D:1      | Slain by a jackal

Skill      XL: |  1 |
---------------+----+-----
Stealth        | 2 |  2.0
Fighting       | |  2.6
Throwing       | |  0.1
Dodging        | |  0.9
Unarmed Combat | |  0.9
Spellcasting   | |  2.0
Necromancy     | |  0.2
Translocations | |  1.5
Earth Magic    | |  1.0
Evocations     | |  1.0

Action                   || total
-------------------------++-------
Melee: Unarmed           ||    57
       Bite              ||     4
Throw: Stone             ||    18
 Cast: Animate Skeleton  ||     1
Armor: Robe              ||    39
Dodge: Dodged            ||    78
